 Dungeon Sprint DCSS version 0.28.0 (webtiles) character file.

Game seed: 17997879525107761129

1561 rocky1 the Spear-Bearer (level 8, -3/72 HPs)
             Began as a Merfolk Gladiator on Feb 9, 2022.
             Was a Priest of Okawaru.
             Slain by a sixfirhy (10 damage)
             ... summoned by a kobold demonologist
             ... in the Dungeon (Sprint VII: "The Pits").
             The game lasted 00:04:55 (1078 turns).

rocky1 the Spear-Bearer (Merfolk Gladiator)         Turns: 1078, Time: 00:04:56

Health: -3/72      AC: 27    Str: 16    XL:     8   Next: 89%
Magic:  11/15      EV:  9    Int:  8    God:    Okawaru [***...]
Gold:   0          SH:  0    Dex: 18    Spells: 7/7 levels left

rFire   . . .      SeeInvis .   a - +2 halberd (protect)
rCold   . . .      Faith    .   (shield currently unavailable)
rNeg    . . .      Spirit   .   c - +3 plate armour
rPois   .          Reflect  .   q - +0 helmet
rElec   .          Harm     .   (no cloak)
rCorr   .          Rampage  .   (no gloves)
Will    .....      NoTele   +   (no boots)
Stlth   ..........              (no amulet)
HPRegen 0.22/turn               b - +3 ring of dexterity
MPRegen 0.14/turn               m - +3 ring of protection

@: spiked, under a protective aura, slowed, very slow
A: (nimble swimmer 2), mertail
a: Renounce Religion, Heroism


You were in the Dungeon.
You worshipped Okawaru.
Okawaru was most pleased with you.
You visited 1 branch

Inventory:

Hand Weapons
 a - a +2 halberd of protection (weapon)
 n - a +2 vorpal trident
Missiles
 d - 3 throwing nets (quivered)
Armour
 c - a +3 plate armour (worn)
 q - a +0 helmet (worn)
Jewellery
 b - a +3 ring of dexterity (left hand)
 m - a +3 ring of protection (right hand)
Scrolls
 j - a scroll of blinking
 l - 5 scrolls of amnesia
Potions
 e - 7 potions of curing
 f - 7 potions of heal wounds
 g - a potion of haste
 h - 4 potions of magic
 i - 3 potions of berserk rage
 k - 2 potions of invisibility
 o - 2 potions of brilliance
 p - 2 potions of mutation
 r - 2 potions of might
 s - a potion of resistance


   Skills:
 + Level 9.8 Fighting
 + Level 13.0 Polearms
 - Level 2.0 Throwing
 + Level 6.5 Armour
 + Level 12.0 Dodging
 + Level 9.4 Invocations


You had 7 spell levels left.
You didn't know any spells.
Your spell library was empty.

Dungeon Overview and Level Annotations

Branches:
Dungeon (1/1)

Altars:
Ashenzari
Cheibriados
Dithmenos
Elyvilon
Fedhas
Gozag
Hepliaklqana
Kikubaaqudgha
Makhleb
Nemelex Xobeh
Okawaru
Qazlal
Ru
Sif Muna
Trog
Uskayaw
Vehumet
Wu Jian
Xom
Yredelemnul
Zin
The Shining One
Beogh
Jiyva
Lugonu


Innate Abilities, Weirdness & Mutations

((You are very nimble when in or above water. (Stealth+, EV+, Speed+++)))
Your lower body shifts to a powerful aquatic tail in water.


Message History

The chaos spawn hits you but does no damage.
You hit the kobold demonologist.
The kobold demonologist is lightly wounded.
The kobold demonologist gestures wildly while chanting.
The kobold demonologist casts a spell.
The kobold demonologist gestures wildly while chanting.
The chaos spawn barely misses you.
The kobold demonologist gestures wildly while chanting.
You slash the kobold demonologist!
The kobold demonologist is moderately wounded.
The crimson imp disappears in a puff of smoke!
The iron imp disappears in a puff of smoke!
The red devil hits you but does no damage.
The chaos spawn closely misses you.
The kobold demonologist casts a cantrip, but nothing happens.
You barely miss the kobold demonologist.
The kobold demonologist is moderately wounded.
The sixfirhy closely misses you.
The sixfirhy hits you but does no damage.
The sixfirhy barely misses you.
The red devil hits you but does no damage.
The chaos spawn gores you!
You feel your power leaking away. The smoke demon gestures at you.
Something smites you!
The kobold demonologist hits you but does no damage.
The sixfirhy hits you but does no damage.
The red devil hits you from afar with a +0 trident!
* * * LOW HITPOINT WARNING * * *
Barbed spikes become lodged in your body.
Unknown command.
You feel much better.
The smoke demon disappears in a puff of smoke!
The sixfirhy hits you. The sixfirhy shocks you!
* * * LOW HITPOINT WARNING * * *
The sixfirhy hits you but does no damage.
The sixfirhy closely misses you. The sixfirhy hits you!
* * * LOW HITPOINT WARNING * * *
The sixfirhy shocks you!
You die...

############ #_________.#
#_________.#
#_______...###########++####
##########'##..4............
#.?(.')))'.##44....#..#.....
##########3##KK55...........
#.....)...4@KKKK5...........
#'#####)#####45ยง5..#..#.....
#.#..#..#?[##KK55...........
#.#..'..#))#####'#####''####
#.#..####))##.......##''#
#.#..#..#))##.......##..#
#)#..#..#..##.......##..#
#)##'#..#'###...<...##..# #
#)#........##.......##KK# .#


You could see an orange demon (summoned), a hellwing (summoned), 3 kobold
demonologists, a sixfirhy (summoned), a chaos spawn (summoned), a red devil
(summoned), 4 kobold brigands, 3 iron imps, a quasit (summoned), 2 white imps
and an ufetubus (summoned).

Vanquished Creatures
  An orc sorcerer (D)
  A flying skull (D)
  A steam dragon (D)
  An acid dragon (D)
  2 floating eyes (D)
  An orc warrior (D)
  A bullfrog (D)
  5 wights (D)
  An iron imp (D)
  2 orc priests (D)
  3 orc wizards (D)
  3 gnolls (D)
  A river rat (D)
  9 orcs (D)
  A giant cockroach (D)
  2 hobgoblins (D)
  2 jackals (D)
  A quokka (D)
  A ball python (D)
  A jackal zombie (D)
40 creatures vanquished.

Notes
Turn   | Place    | Note
-------+----------+-------------------------------------------
     0 | D        | rocky1 the Merfolk Gladiator began the quest for the Orb.
     0 | D        | Reached XP level 1. HP: 16/16 MP: 1/1
    51 | D        | Found a bloodstained altar of Trog.
    51 | D        | Found a shimmering blue altar of Sif Muna.
    51 | D        | Found a viscous altar of Jiyva.
    51 | D        | Found a hazy altar of Hepliaklqana.
    51 | D        | Found an opulent altar of Gozag.
    52 | D        | Found a glowing golden altar of the Shining One.
    52 | D        | Found a glowing silver altar of Zin.
    52 | D        | Found a basalt altar of Yredelemnul.
    52 | D        | Found a shimmering altar of Xom.
    52 | D        | Found an ornate altar of the Wu Jian Council.
    52 | D        | Found a sacrificial altar of Ru.
    52 | D        | Found a stormy altar of Qazlal.
    52 | D        | Found an iron altar of Okawaru.
    52 | D        | Found a sparkling altar of Nemelex Xobeh.
    52 | D        | Found a burning altar of Makhleb.
    52 | D        | Found a blossoming altar of Fedhas.
    52 | D        | Found a white marble altar of Elyvilon.
    52 | D        | Found a shadowy altar of Dithmenos.
    52 | D        | Found a snail-covered altar of Cheibriados.
    55 | D        | Found a corrupted altar of Lugonu.
    55 | D        | Found a radiant altar of Vehumet.
    56 | D        | Found an ancient bone altar of Kikubaaqudgha.
    56 | D        | Found a hide-covered altar of Uskayaw.
    56 | D        | Found a broken altar of Ashenzari.
    60 | D        | Became a worshipper of Warmaster Okawaru
    74 | D        | Noticed a floating eye
    79 | D        | Killed a floating eye
    79 | D        | Reached * piety under Okawaru
    80 | D        | Reached skill level 7 in Polearms
    80 | D        | Reached XP level 2. HP: 26/26 MP: 1/4
    80 | D        | Reached XP level 3. HP: 32/32 MP: 1/5
    80 | D        | Reached XP level 4. HP: 38/38 MP: 1/6
    88 | D        | Reached skill level 5 in Fighting
   143 | D        | Noticed a floating eye
   145 | D        | Paralysed by a floating eye for 4 turns
   160 | D        | Reached XP level 5. HP: 42/44 MP: 8/8
   164 | D        | Killed a floating eye
   165 | D        | Reached skill level 8 in Polearms
   165 | D        | Reached skill level 5 in Invocations
   203 | D        | Reached XP level 6. HP: 50/52 MP: 10/10
   268 | D        | Noticed an orc warrior
   282 | D        | Reached skill level 9 in Polearms
   296 | D        | Killed an orc warrior
   297 | D        | Reached skill level 10 in Polearms
   305 | D        | Reached ** piety under Okawaru
   306 | D        | Reached XP level 7. HP: 20/60 MP: 10/12
   318 | D        | Reached skill level 5 in Armour
   324 | D        | Reached skill level 10 in Dodging
   348 | D        | Reached skill level 11 in Polearms
   534 | D        | Noticed an orc sorcerer
   540 | D        | Noticed a soul eater
   540 | D        | Killed an orc sorcerer
   540 | D        | Reached *** piety under Okawaru
   541 | D        | Reached skill level 12 in Polearms
   541 | D        | Reached XP level 8. HP: 66/71 MP: 10/14
  1023 | D        | Noticed a flying skull
  1023 | D        | Noticed a kobold demonologist
  1023 | D        | Noticed a kobold demonologist
  1023 | D        | Noticed a kobold demonologist
  1023 | D        | Noticed a kobold demonologist
  1057 | D        | Noticed a smoke demon
  1057 | D        | Killed a flying skull
  1058 | D        | Reached skill level 13 in Polearms
  1069 | D        | Noticed an ice devil
  1069 | D        | Noticed a red devil
  1071 | D        | Noticed an orange demon
  1076 | D        | Noticed a sixfirhy
  1076 | D        | Noticed a hellwing
  1078 | D        | Slain by a sixfirhy

Illustrated notes

Levels and vault maps discovered:
D:        pitsprint [storerooms_1, entrance_room_1, metal_vault_1, armoury_1,
          mini_pit_1, grid_room_1, main_hall_1, silver_pit, the_coven_3,
          the_vestibule_1, steel_vault_4, golden_pit, hallway_of_sentries,
          crystal_vault_4, iron_vault_1, final_vault]

Skill      XL: |  1  2  3  4  5  6  7  8 |
---------------+-------------------------+-----
Fighting       | 4 5 6 7 9 |  9.8
Polearms       | 7 8 10 12 13 | 13.0
Armour         | 2 3 4 6 |  6.5
Dodging        | 6 8 9 11 12 | 12.0
Invocations    | 3 4 5 6 8 9 |  9.4
Throwing       | |  2.0

Action                   |  1- 3 |  4- 6 |  7- 9 || total
-------------------------+-------+-------+-------++-------
Melee: Trident           |     9 |    60 |    70 ||   139
       Punch             |       |     3 |     1 ||     4
       Halberd           |       |       |    36 ||    36
Invok: Heroism           |       |     1 |     1 ||     2
  Use: Potion            |       |       |     3 ||     3
Armor: Leather armour    |     1 |     5 |       ||     6
       Chain mail        |       |     6 |    28 ||    34
       Plate armour      |       |       |    29 ||    29
Dodge: Dodged            |     2 |    24 |    39 ||    65
